 Dungeon Crawl Stone Soup version 0.32-a0-876-gcfddb08e57 (webtiles) character file.

Game seed: 549231195976768929

791557 gameguard the Unifier (level 27, -6/216 (230) HPs)
             Began as a Demonspawn Gladiator on Mar 31, 2024.
             Was a High Priest of Beogh.
             Killed from afar by a hellion (24 damage)
             ... with damnation
             ... on level 5 of the Iron City of Dis on Apr 1, 2024.
             The game lasted 04:10:27 (62545 turns).

gameguard the Unifier (Demonspawn Gladiator)       Turns: 62545, Time: 04:10:28

HP:   -6/216 (230)  AC: 44    Str: 24    XL:     27
MP:   24/40         EV: 19    Int: 10    God:    Beogh [*****.]
Gold: 7792          SH: 36    Dex: 34    Spells: 24/36 levels left

rFire   + +          .
                       - Unarmed
rCold   + + .        Z - +18 shield of the Gong {Loud rN+ Will+ rCorr EV-5}
rNeg    + + +        Y - +12 gold dragon scales
rPois   +            n - +2 helmet {Int+3}
rElec   +            o - +3 cloak of the Constellations {rElec rF+ Will+ Stlth+}
rCorr   +            (gloves unavailable)
SInv    +            G - +0 pair of boots "Ujikhles" {+Inv rN+ SInv}
Will    +++++        M - amulet of Misholiss {Faith rN++ Regen+ Int-3} Stlth
                     U - ring of Wafopp {^Drain EV+5 Str+2 Dex+6}
HPRegen 1.36/turn    P - ring of Waesushe {rC+ AC+4 Dex+8}
MPRegen 0.27/turn

%: faith
@: very slightly contaminated, studying 3 skills, drained, corroded
A: walk on water, claws 3, yellow scales 3, hurl damnation, ignite blood 3,
spiny 3, torment resistance 1, demonic willpower, see invisible
}: 6/15 runes: barnacled, slimy, silver, obsidian, icy, gossamer
a: Hurl Damnation, Renounce Religion, Evoke Invisibility, Smiting, Recall
Apostles, Blood for Blood, Dismiss Morun, warrior, Dismiss Arbeogh, warrior,
Dismiss Ortolf, warrior


You were on level 5 of the Iron City of Dis.
You worshipped Beogh.
Beogh was extremely pleased with you.
You visited 15 branches of the dungeon, and saw 74 of its levels.
You visited 1 bazaar.
You also visited: Ossuary, Bailey and Ice Cave.

You collected 12474 gold pieces.
You spent 4682 gold pieces at shops.

Inventory:

Missiles
 d - 4 throwing nets (quivered) {!f}
 w - 19 curare-tipped darts
Armour
 n - a +2 helmet of intelligence (worn)
 o - the +3 cloak of the Constellations (worn) {rElec rF+ Will+ Stlth+}
   (You found it on level 3 of the Elven Halls)

   rF+:       It protects you from fire.
   rElec:     It insulates you from electricity.
   Will+:     It increases your willpower.
   Stlth+:    It makes you more stealthy.
 z - a +2 pair of boots of rampaging
 G - the +0 pair of boots "Ujikhles" (worn) {+Inv rN+ SInv}
   (You found it on level 7 of Cocytus)

   rN+:       It protects you from negative energy.
   SInv:      It lets you see invisible.
   +Inv:      It lets you turn invisible.
 W - a +2 pair of boots of flying
 Y - +12 gold dragon scales (worn)
 Z - the +18 shield of the Gong (worn) {Loud rN+ Will+ rCorr EV-5}
   (You found it on level 1 of the Realm of Zot)

   Loud:      It is deafeningly noisy when blocking attacks.
   EV-5:      It affects your evasion (-5).
   rN+:       It protects you from negative energy.
   Will+:     It increases your willpower.
   rCorr:     It protects you from acid and corrosion.
Jewellery
 c - the ring of Haekkuk {rPois rCorr Int+2 SInv}
   (You found it on level 5 of the Pits of Slime)

   [ring of poison resistance]

   Int+2:     It affects your intelligence (+2).
   rPois:     It protects you from poison.
   SInv:      It lets you see invisible.
   rCorr:     It protects you from acid and corrosion.
 M - the amulet of Misholiss (around neck) {Faith rN++ Regen+ Int-3}
   (You found it on level 9 of the Dungeon)

   [amulet of faith]

   Faith:     It allows you to gain divine favour quickly.
   Int-3:     It affects your intelligence (-3).
   rN++:      It greatly protects you from negative energy.
   Regen+:    It increases your rate of health regeneration.
 O - the ring of Bairrux {Will+ SInv}
   (You bought it in a shop on level 2 of the Orcish Mines)

   [ring of willpower]

   Will+:     It increases your willpower.
   SInv:      It lets you see invisible.
 P - the ring of Waesushe (right claw) {rC+ AC+4 Dex+8}
   (You bought it in a shop on level 2 of the Orcish Mines)

   [ring of protection]

   AC+4:      It affects your AC (+4).
   Dex+8:     It affects your dexterity (+8).
   rC+:       It protects you from cold.
 U - the ring of Wafopp (left claw) {^Drain EV+5 Str+2 Dex+6}
   (You acquired it on level 14 of the Dungeon)

   [ring of evasion]

   EV+5:      It affects your evasion (+5).
   Str+2:     It affects your strength (+2).
   Dex+6:     It affects your dexterity (+6).
   ^Drain:    It drains your maximum health when unequipped.
Talismans
 B - a granite talisman
Wands
 b - a wand of polymorph (33)
 g - a wand of iceblast (56)
 H - a wand of charming (57)
 K - a wand of acid (24)
 T - a wand of digging (44)
 X - a wand of mindburst (78)
Scrolls
 h - 17 scrolls of fog
 j - 3 scrolls of torment
 k - 40 scrolls of teleportation
 v - 14 scrolls of immolation
 x - 5 scrolls of revelation
 y - 7 scrolls of blinking
 C - 9 scrolls of fear
 D - 3 scrolls of summoning
 F - 3 scrolls of silence
 N - 7 scrolls of vulnerability
 R - 6 scrolls of poison
 S - a scroll of enchant armour
Potions
 a - 9 potions of attraction
 e - 7 potions of magic
 i - 5 potions of resistance
 m - 11 potions of heal wounds
 p - 10 potions of might
 q - 3 potions of invisibility
 s - 12 potions of mutation
 t - 25 potions of curing
 A - 4 potions of berserk rage
 E - 7 potions of lignification
 I - 10 potions of cancellation
 J - 9 potions of haste
 Q - 6 potions of ambrosia
 V - 4 potions of enlightenment
Miscellaneous
 f - a phial of floods
 l - a box of beasts
 r - a phantom mirror
 u - the horn of Geryon (inert)
 L - a lightning rod (4/4)


   Skills:
 + Level 21.7 Fighting
 - Level 3.3 Long Blades
 - Level 1.7 Throwing
 + Level 17.7 Armour
 + Level 18.3 Dodging
 * Level 17.8 Shields
 + Level 22.3 Unarmed Combat
 - Level 5.0 Spellcasting
 + Level 16.1 Translocations
 + Level 6.8 Air Magic
 + Level 26.9 Invocations
 - Level 16.5 Evocations
 - Level 16.0 Shapeshifting


You had 24 spell levels left.
You knew the following spells:

 Your Spells              Type           Power      Damage    Failure   Level
a - Lesser Beckoning      Tloc           68%        N/A       1%          2
b - Passage of Golubria   Tloc           34%        N/A       9%          4
l - Blink                 Tloc           68%        N/A       1%          2
z - Vhi's Electric Charg  Tloc/Air       50%        N/A       50%         4

Your spell library contained the following spells:

 Spells                   Type           Power      Damage    Failure   Level
 Teleport Other           Tloc           34%        N/A       2%          3
 Maxwell's Portable Pile  Tloc           34%        2d(10-20) 9%          4
 Momentum Strike          Conj/Tloc      36%        3d9       36%         2
 Volatile Blastmotes      Fire/Tloc      36%        2d13      58%         3
 Swiftness                Air            16%        N/A       75%         3
 Gell's Gavotte           Tloc           17%        2d(19-28) 80%         6
 Shock                    Conj/Air       36%        1d5       85%         1
 Mercury Vapours          Alch/Air       18%        N/A       94%         2
 Static Discharge         Conj/Air       18%        3-4/arc   94%         2
 Dimensional Bullseye     Hex/Tloc       9%         N/A       94%         4
 Iskenderun's Mystic Bla Conj/Tloc 18%            2d6        (+2d2     94%         4
 Cigotuvi's Dreadful Rot  Necr/Alch/Air  14%        N/A       98%         2
 Airstrike                Air            8%         2d(2-18)  98%         4
 Freeze                   Ice            8%         1d3       100%        1
 Magic Dart               Conj           8%         1d3       100%        1
 Necrotise                Necr           8%         1d4       100%        1
 Sandblast                Erth           4%         2d4       100%        1
 Sting                    Conj/Alch      8%         1d3       100%        1
 Summon Small Mammal      Summ           8%         N/A       100%        1
 Call Imp                 Summ           4%         N/A       100%        2
 Ensorcelled Hibernation  Hex/Ice        4%         N/A       100%        2
 Jinxbite                 Hex            4%         N/A       100%        2
 Searing Ray              Conj           4%         2d4       100%        2
 Sublimation of Blood     Necr           2%         N/A       100%        2
 Call Canine Familiar     Summ           2%         N/A       100%        3
 Dazzling Flash           Conj/Hex       4%         N/A       100%        3
 Fugue of the Fallen      Necr           2%         N/A       100%        3
 Hailstorm                Conj/Ice       2%         3d5       100%        3
 Inner Flame              Hex/Fire       2%         N/A       100%        3
 Mephitic Cloud           Conj/Alch/Air  7%         N/A       100%        3
 Passwall                 Erth           2%         N/A       100%        3
 Sigil of Binding         Hex            2%         N/A       100%        3
 Stone Arrow              Conj/Erth      4%         3d7       100%        3
 Summon Ice Beast         Ice/Summ       2%         N/A       100%        3
 Tukima's Dance           Hex            2%         N/A       100%        3
 Vampiric Draining        Necr           2%         2d6       100%        3
 Anguish                  Hex/Necr       1%         N/A       100%        4
 Animate Armour           Summ/Erth      4%         N/A       100%        4
 Brom's Barrelling Bould  Conj/Erth      2%         2d3       100%        4
 Cause Fear               Hex            1%         N/A       100%        4
 Dispel Undead            Necr           2%         3d7       100%        4
 Flame Wave               Conj/Fire      2%         2d4       100%        4
 Fulminant Prism          Conj/Alch      1%         3d5       100%        4
 Ignite Poison            Fire/Alch      2%         N/A       100%        4
 Leda's Liquefaction      Alch/Erth      1%         N/A       100%        4
 Martyr's Knell           Necr/Summ      2%         N/A       100%        4
 Olgreb's Toxic Radiance  Alch           2%         N/A       100%        4
 Petrify                  Alch/Erth      2%         N/A       100%        4
 Sticky Flame             Fire/Alch      2%         2d4       100%        4
 Summon Blazeheart Golem  Fire/Summ      2%         N/A       100%        4
 Summon Lightning Spire   Summ/Air       9%         N/A       100%        4
 Alistair's Intoxication  Alch           1%         N/A       100%        5
 Arcjolt                  Conj/Air       4%         1d14      100%        5
 Borgnjor's Vile Clutch   Necr/Erth      1%         N/A       100%        5
 Curse of Agony           Necr           2%         N/A       100%        5
 Fireball                 Conj/Fire      1%         3d3       100%        5
 Freezing Cloud           Conj/Ice/Air   3%         6-21      100%        5
 Iskenderun's Battlesphe  Conj           2%         2d6       100%        5
 Lee's Rapid Deconstruct  Erth           1%         3d4*      100%        5
 Metabolic Englaciation   Hex/Ice        1%         N/A       100%        5
 Silence                  Hex/Air        4%         N/A       100%        5
 Summon Forest            Summ/Tloc      9%         N/A       100%        5
 Summon Mana Viper        Hex/Summ       2%         N/A       100%        5
 Yara's Violent Unravell  Hex/Alch       1%         3d3       100%        5
 Bombard                  Conj/Erth      1%         9d1       100%        6
 Conjure Ball Lightning   Conj/Air       4%         3x3d6     100%        6
 Death Channel            Necr           1%         N/A       100%        6
 Eringya's Noxious Bog    Alch           1%         4d6       100%        6
 Permafrost Eruption      Ice/Erth       1%         2x4d1     100%        6
 Sculpt Simulacrum        Ice/Alch       1%         N/A       100%        6
 Enfeeble                 Hex            1%         N/A       100%        7
 Haunt                    Necr/Summ      1%         N/A       100%        7
 Orb of Destruction       Conj           1%         9d5       100%        7
 Ozocubu's Refrigeration  Ice            1%         4d7       100%        7
 Spellforged Servitor     Conj/Summ      1%         N/A       100%        7
 Summon Hydra             Summ           1%         N/A       100%        7
 Discord                  Hex            1%         N/A       100%        8
 Ignition                 Fire           1%         3d3       100%        8
 Infestation              Necr           1%         N/A       100%        8
 Lehudib's Crystal Spear  Conj/Erth      1%         10d2      100%        8
 Chain Lightning          Conj/Air       4%         3d6       100%        9
 Death's Door             Necr           1%         N/A       100%        9
 Dragon's Call            Summ           1%         N/A       100%        9
 Polar Vortex             Ice            1%         N/A       100%        9


Dungeon Overview and Level Annotations

Branches:
Dungeon (15/15) Zot: 25153  Temple (0/1) D:6            Lair (5/5) D:10 Zot: 24947
 Shoals (4/4) Lair:3 Zot: 19565  Spider (4/4) Lair:2 Zot: 19889   Slime (5/5) Lair:5 Zot: 26358
    Orc (2/2) D:12 Zot: 10442     Elf (3/3) Orc:2 Zot: 14399  Vaults (5/5) D:14 Zot: 23119
  Crypt (3/3) Vaults:2 Zot: 14285    Tomb (0/3) Crypt:3      Depths (4/4) D:15 Zot: 19615
   Hell (visited)             Dis (5/7) Hell Zot: 26971     Geh (7/7) Hell Zot: 26971
    Coc (7/7) Hell Zot: 26971     Tar (0/7) Hell            Zot (4/5) Depths:4 Zot: 20173
Ossuary (visited)          Bailey (visited)           IceCv (visited)

Altars:
Kikubaaqudgha
Nemelex Xobeh
Okawaru
Qazlal
Trog
Vehumet
Xom
Yredelemnul
Beogh
Jiyva

Shops:
D:2 ?   D:3 ?   D:4 *   D:5 (=(   D:11 ?   D:13 :   Orc:2 :(?==[==   Elf:1 (?*(
Elf:2 =   Elf:3 ?   Vaults:1 *[   Vaults:5 (   Depths:3 (

Portals:
Hell: Depths:1 Depths:2 Depths:3 Depths:4
Abyss: Depths:1 Depths:3 Depths:4
Pandemonium: Depths:2
Ziggurat: Depths:3

Annotations:
D:14 1 transporter
D:15 3 runed translucent doors, Dulih's ghost, journeyman MiBe


Innate Abilities, Weirdness & Mutations

You can walk on water.
Your facial features are unmistakably orcish.
You have claws for hands.
You are completely covered in yellow scales. (AC +4, rCorr)
You can hurl damnation.
Your demonic aura causes all spilled blood to erupt in flames.
You are completely covered in sharp spines.
You are resistant to unholy torment.
You punish those that try to bend your will. (Will+)
You have supernaturally acute eyesight. (SInv)


Message History

Press: ? - help, Dir - move target A war gargoyle and 2 hellions come into view.
The war gargoyle is wielding a +2 spectral lajatang.
As you read the scroll of blinking, it crumbles to dust.
You are no longer corroded.
The hellion gives a hideous shriek!
The caustic shrike is engulfed in blazing flames.
Flame seeps out of the caustic shrike.
The caustic shrike is engulfed in blazing flames.
Flame seeps out of the caustic shrike.
The caustic shrike is engulfed in blazing flames.
Flame seeps out of the caustic shrike.
The caustic shrike is engulfed in blazing flames.
Flame seeps out of the caustic shrike.
The caustic shrike is engulfed in blazing flames.
Flame seeps out of the caustic shrike.
The caustic shrike is engulfed in blazing flames.
Flame seeps out of the caustic shrike.
An iron golem comes into view.
The caustic shrike is engulfed in blazing flames.
Flame seeps out of the caustic shrike.
The caustic shrike is engulfed in blazing flames.
Flame seeps out of the caustic shrike.
The caustic shrike is engulfed in blazing flames.
Beogh accepts your kill.
The caustic shrike explodes!
The fiery explosion engulfs the caustic shrike!
The caustic shrike resists.
Flame seeps out of the caustic shrike.
The caustic shrike is moderately wounded.
The fiery explosion engulfs the war gargoyle.
The war gargoyle resists.
The war gargoyle is lightly damaged.
The fiery explosion engulfs the quicksilver elemental.
The quicksilver elemental completely resists.
The quicksilver elemental is almost destroyed.
The caustic shrike is engulfed in blazing flames.
Flame seeps out of the caustic shrike.
The hellion gestures at you.
The sphere of damnation explodes!
The damnation engulfs you!!
You die...

#.... #☼○.#
#1...9##bb§#
#...2##EE°#
#.b2...§9§#
#....91bb.#
#....1b...#
#..b.######
####'###
#..@...+
#......#
#......#
+......#
########


You could see an iron golem, 2 Hell Sentinels, 5 caustic shrikes, 2 quicksilver
elementals, 2 war gargoyles and 2 hellions.

Vanquished Creatures
  Asmodeus (Geh:7)
  An ancient lich (Vaults:5)
  Sojobo (Vaults:5)
  Bai Suzhen (Elf:3)
  15 shard shrikes
  13 caustic shrikes
  Geryon (Hell)
  8 golden dragons
  Nikola (Shoals:4)
  A profane servitor (Crypt:3)
  A bone dragon (Crypt:3)
  4 doom hounds
  An electric golem (Zot:2)
  23 hellephants
  11 Brimstone Fiends
  Zenata (Crypt:3)
  An iron giant (Dis:2)
  The ghost of Zuiczola the Eclecticist, an adept DrAl of Gozag (Vaults:4)
  3 liches
  12 tentacled monstrosities
  A Hell Sentinel (Dis:1)
  14 Ice Fiends
  2 deep elf blademasters (Elf:3)
  4 quicksilver dragons
  The ghost of KennySheep the Bludgeoner, an adept OnCA of Okawaru (Shoals:2)
  6 titans
  4 sphinxes
  A shard shrike skeleton (Crypt:1)
  2 deep elf master archers (Elf:3)
  15 searing wretches
  11 acid blobs
  8 ancient champions
  7 death cobs
  5 shadow dragons
  Agnes (Elf:1)
  3 tengu reavers
  2 revenants
  6 azure jellies
  Kirke (D:15)
  Aizul (Shoals:4)
  8 storm dragons
  Ilsuiw (Shoals:3)
  A protean progenitor (Zot:2)
  4 draconian monks
  Roxanne (Shoals:3)
  6 rockslimes (Slime:5)
  22 fire giants
  5 draconian shifters
  19 vault wardens
  5 draconian knights
  4 emperor scorpions
  18 balrugs
  3 quicksilver elementals
  A draconian scorcher (Zot:1)
  7 narguns
  4 ghost moths
  6 iron dragons
  9 frost giants
  2 deep elf sorcerers
  2 shard shrike simulacra
  Louise (Shoals:2)
  4 draconian annihilators
  3 reapers
  2 spriggan defenders
  3 formless jellyfish
  8 ghouls
  9 orc warlords
  4 curse skulls
  15 ironbound preservers
  A draconian stormcaller (Zot:4)
  7 ironbound thunderhulks
  4 vampire knights
  11 stone giants
  8 very ugly things (Depths:3)
  7 quicksilver oozes
  14 elemental wellsprings
  4 black draconians
  6 green draconians
  6 deep elf death magi
  6 purple draconians
  5 red draconians
  5 war gargoyles
  Nessos (D:13)
  6 yellow draconians
  9 deep elf demonologists
  7 white draconians
  Azrael (D:14)
  4 spark wasps
  6 deep elf annihilators
  5 dire elephants
  4 iron golems
  9 wendigos
  A mummy priest (Crypt:3)
  2 eidola (Crypt:3)
  A crystal guardian (Vaults:3)
  3 blizzard demons
  9 fire dragons
  9 jiangshi
  7 merfolk javelineers
  10 yaktaur captains
  Josephine (D:13)
  5 merfolk impalers
  11 ettins
  10 great orbs of eyes
  A quicksilver dragon zombie (Crypt:3)
  Erolcha (D:12)
  3 hydras
  4 entropy weavers
  2 salamander tyrants
  5 merfolk avatars
  3 deep elf high priests
  7 ironbound frosthearts
  11 caustic shrike simulacra
  An ogre mage (Orc:1)
  A peacekeeper (Vaults:3)
  5 ice dragons
  4 juggernaut simulacra
  5 spriggan air magi
  A spriggan skeleton (Crypt:1)
  6 jorogumos
  2 alligator snapping turtles (Shoals:4)
  A radroach (Spider:2)
  5 satyrs
  4 merfolk aquamancers
  7 stokers
  19 vault guards
  5 two-headed ogres
  37 dancing weapons
  8 centaur warriors
  4 death yaks (IceCv)
  35 hell hogs
  6 deep troll shamans
  2 death scarabs (Spider:4)
  6 tengu warriors
  8 deep troll earth magi
  6 vampire magi
  An occultist (Depths:2)
  20 orc high priests
  3 spriggan berserkers
  10 demonic crawlers
  Urug (Lair:2)
  12 deep elf knights
  2 spectral dire elephants (Lair:5)
  Sonja (D:13)
  Nergalle (D:12)
  3 hell knights (Hell)
  A soul eater (Crypt:2)
  A spriggan (Depths:3)
  A shadow wraith (Crypt:1)
  16 skeletal warriors
  An emperor scorpion zombie (Crypt:3)
  A sun demon (Elf:3)
  5 sea snakes
  4 iron trolls
  2 spectral death yaks (Lair:5)
  A goliath frog (shapeshifter) (Vaults:5)
  6 pharaoh ants
  A skyshark (shapeshifter) (Vaults:5)
  3 crystal echidnas
  A death drake (shapeshifter) (Vaults:5)
  2 skysharks
  10 orc apostles
  A quicksilver dragon simulacrum (Coc:4)
  5 flayed ghosts
  5 arcanists
  73 deep trolls
  Lodul (D:11)
  4 glowing orange brains
  A mana viper (shapeshifter) (Elf:3)
  An orange crystal statue (Elf:2)
  12 deep elf archers
  An obsidian statue (Lair:5)
  A spectral anaconda (Lair:5)
  2 shadow demons
  21 phantasmal warriors
  3 steelbarb worms
  12 ironbound convokers
  2 thermic dynamos (Elf:3)
  9 lindwurms
  22 orc knights
  A spriggan simulacrum (Coc:4)
  21 deep elf zephyrmancers
  3 bog bodies
  A draconian zombie (Crypt:3)
  A sea snake (shapeshifter) (Vaults:5)
  21 harpies
  A lindwurm (shapeshifter) (Vaults:5)
  8 necromancers
  20 deep elf pyromancers
  Maurice (Orc:1)
  18 ugly things
  3 orc sorcerers
  An oklob plant (Lair:3)
  15 wolf spiders
  An iron dragon zombie (Crypt:3)
  8 manticores
  2 merfolk sirens
  4 cyclopes
  5 fauns
  4 shining eyes
  2 naga zombies
  6 elephants
  6 rust devils
  A stone giant skeleton (Vaults:1)
  A frost giant skeleton (Vaults:4)
  A meliai (Lair:2)
  16 moths of wrath
  2 black mambas
  A dire elephant zombie (Crypt:3)
  An ice statue (IceCv)
  4 torpor snails
  A black mamba (shapeshifter) (D:13)
  3 molten gargoyles
  12 vault sentinels
  2 water nymphs (Shoals:4)
  2 eyes of devastation (shapeshifter) (Vaults:5)
  A centaur zombie (Crypt:3)
  5 smoke demons
  8 cane toads
  3 kobold blastminers (Orc:2)
  3 titan simulacra
  3 gargoyles
  A torpor snail (shapeshifter) (Vaults:5)
  An unseen horror (D:12)
  Jeremiah (D:6)
  3 spectral redbacks (Spider:4)
  A centaur skeleton (Crypt:1)
  5 komodo dragons
  2 tengu conjurers
  15 yaktaurs
  2 kobold demonologists
  5 anaconda simulacra
  2 rime drakes
  12 freezing wraiths
  10 hellions
  8 tormentors
  2 guardian mummies (Crypt:3)
  Psyche (D:8)
  An iron giant simulacrum (Coc:4)
  An ice devil (Lair:3)
  16 merfolk
  2 hydra zombies
  A merfolk (shapeshifter) (Vaults:3)
  3 trolls
  A tengu simulacrum (Vaults:4)
  A hellwing (D:10)
  An iron troll skeleton (Crypt:2)
  16 polar bears
  2 hornets
  20 tarantellas
  A wind drake (Shoals:4)
  A harpy skeleton (Crypt:1)
  A spectral jumping spider (Spider:4)
  3 glass eyes (Depths:3)
  A stone giant simulacrum (Coc:2)
  A jumping spider zombie (Spider:4)
  A spectral elephant (Lair:5)
  5 snapping turtles
  55 slime creatures
  11 blink frogs
  2 dream sheep (Shoals:4)
  An air elemental (Elf:2)
  4 water elementals
  10 culicivoras
  A black mamba zombie (Crypt:1)
  An ettin skeleton (Vaults:4)
  13 jumping spiders
  A shadow (D:12)
  11 wraiths
  An elf skeleton (Vaults:1)
  A wyvern (shapeshifter) (D:15)
  A dire elephant simulacrum (Coc:4)
  58 yaks
  2 fire dragon skeletons (Geh:1)
  2 wyverns (Lair:4)
  8 fire elementals
  A hog (shapeshifter) (D:14)
  6 vampire mosquitoes
  10 golden eyes (Slime:5)
  31 redbacks
  4 basilisks
  A human simulacrum (Vaults:5)
  3 steam dragons
  A death yak simulacrum (Lair:5)
  A cane toad zombie (Crypt:2)
  4 harpy simulacra
  3 spectral cane toads (Lair:5)
  A hydra simulacrum (Coc:4)
  13 water moccasins
  2 acid dragons
  An entropy weaver zombie (Crypt:1)
  A deep troll skeleton (Crypt:1)
  33 orc warriors
  An ice beast (shapeshifter) (Elf:1)
  A cane toad skeleton (Crypt:1)
  4 black bears
  2 ettin simulacra
  A sky beast (D:7)
  A hornet zombie (Vaults:1)
  13 ogres
  12 laughing skulls
  25 wolves
  15 centaurs
  3 human skeletons
  2 elephant skeletons (Lair:5)
  A phantom (D:5)
  5 kobold brigands
  2 gnoll sergeants (D:8)
  10 bullfrogs
  3 scorpions
  4 wyvern skeletons (Crypt:3)
  A cane toad simulacrum (Lair:5)
  9 wights
  A cyclops skeleton (Crypt:2)
  A spriggan zombie (Crypt:2)
  An elephant simulacrum (Lair:5)
  11 killer bees
  10 howler monkeys
  5 electric eels
  4 gnoll boudas
  2 jellies
  5 iguanas
  11 orc priests
  5 sleepcaps
  11 orc wizards
  Terence (D:2)
  An ogre skeleton (Crypt:2)
  8 mummies (Ossuary)
  6 adders
  27 gnolls
  3 shadow imps
  4 white imps
  3 ufetubi (D:7)
  An adder skeleton (Crypt:1)
  2 dart slugs
  A ribbon worm (D:2)
  13 orcs
  7 endoplasms
  2 giant cockroaches
  A gnoll zombie (Ossuary)
  10 goblins
  15 hobgoblins
  2 jackals (D:2)
  4 quokkas
  6 ball pythons
  A ball python skeleton (Crypt:2)
  4 bats
  2 frilled lizards (D:1)
  3 hobgoblin zombies (Ossuary)
  A jackal skeleton (Crypt:2)
  12 kobolds
  3 kobold zombies (Ossuary)
  2 orc zombies
  A quokka zombie (Crypt:1)
  6 rats
  2 aspiring fleshes
  2 creeping infernos
  A fire vortex (Geh:1)
2090 creatures vanquished.

Vanquished Creatures (collateral kills)
  Antaeus (Coc:7)
  the Royal Jelly (Slime:5)
  2 dread liches (Vaults:5)
  3 ancient liches
  5 shard shrikes
  4 caustic shrikes
  A curse toe (Zot:1)
  Jory (Vaults:5)
  The ghost of Naxzaufe the Master Archer, a veteran DEHs of Fedhas (Depths:4)
  5 golden dragons
  A profane servitor (Crypt:3)
  Arachne (Spider:2)
  An electric golem (Zot:1)
  4 doom hounds
  A Brimstone Fiend (Geh:6)
  Mlioglotl (Spider:4)
  A hellephant (Geh:6)
  2 tentacled monstrosities
  9 titans (Coc:7)
  2 liches
  2 Ice Fiends (Coc:7)
  The ghost of Qeunemit the Warrior, an adept GrFi of Okawaru (Vaults:4)
  2 searing wretches
  5 quicksilver dragons
  Grunn (Crypt:1)
  2 sphinxes
  7 acid blobs
  4 ancient champions
  Gastronok (Lair:1)
  4 storm dragons
  2 tengu reavers
  A revenant (Crypt:1)
  7 shadow dragons
  4 azure jellies
  8 narguns
  6 draconian monks
  4 protean progenitors
  A rockslime (Slime:5)
  3 emperor scorpions
  A draconian scorcher (Zot:3)
  5 fire giants
  The ghost of HilariousDeathArtist the Metamorph, an adept TeSh of Cheibriados (Spider:4)
  3 frost giants
  A quicksilver elemental (Dis:2)
  9 ghouls
  3 iron dragons
  A draconian knight (Zot:3)
  3 draconian shifters
  6 vault wardens
  6 deep elf sorcerers
  3 deep elf elementalists (Elf:3)
  2 ghost moths (Spider:4)
  3 draconian stormcallers
  2 balrugs
  An orc warlord (Depths:3)
  A reaper (Crypt:2)
  9 ironbound preservers
  3 draconian annihilators
  3 green draconians
  4 ironbound thunderhulks
  3 spriggan defenders
  A quicksilver ooze (Slime:3)
  7 very ugly things
  2 broodmothers (Zot:2)
  4 elemental wellsprings (Coc:7)
  8 stone giants
  3 white draconians
  A deep elf annihilator (Vaults:5)
  A deep elf death mage (Elf:3)
  3 vampire knights
  3 black draconians
  7 yellow draconians
  2 red draconians
  14 wendigos
  5 war gargoyles
  4 dire elephants
  2 purple draconians
  3 spark wasps
  4 eidola (Crypt:3)
  4 iron golems
  4 ettins
  3 fire dragons
  2 merfolk javelineers
  4 deep elf high priests
  8 jiangshi
  2 yaktaur captains
  2 entropy weavers
  9 merfolk impalers
  2 rakshasas
  11 vault guards
  A great orb of eyes (Vaults:1)
  A spriggan zombie (Crypt:3)
  2 caustic shrike simulacra (Coc:7)
  A hydra (Lair:5)
  A spriggan air mage (Depths:3)
  2 ice dragons (Depths:1)
  A jorogumo (Spider:4)
  A radroach (Spider:3)
  A satyr (Shoals:4)
  A catoblepas (Lair:1)
  2 boulder beetles
  2 merfolk aquamancers (Shoals:4)
  3 ironbound frosthearts (Vaults:3)
  3 centaur warriors (Vaults:3)
  5 dancing weapons
  2 juggernaut simulacra (Coc:3)
  2 death knights (Crypt:3)
  5 deep troll shamans
  4 death scarabs (Spider:4)
  5 tengu warriors
  4 hell hogs
  2 deep troll earth magi
  4 vampire magi
  4 demonic crawlers
  A death yak (IceCv)
  An occultist (Depths:1)
  2 two-headed ogres (Orc:1)
  2 spriggan berserkers
  2 deep elf knights
  7 spriggans (Depths:3)
  2 orc high priests
  A sun demon (Hell)
  4 hell knights
  2 soul eaters
  A shadow wraith (Crypt:2)
  5 skeletal warriors
  5 sea snakes
  A sixfirhy (Vaults:4)
  12 orb spiders
  A pharaoh ant (Spider:4)
  5 iron trolls
  A sun moth (Spider:4)
  A glowing orange brain (shapeshifter) (Depths:4)
  19 deep trolls
  A bog body (Crypt:1)
  3 deep elf archers
  2 quicksilver dragon simulacra
  2 glowing orange brains (Vaults:2)
  3 steelbarb worms (Spider:4)
  A spriggan simulacrum (Coc:7)
  3 flayed ghosts
  4 ironbound convokers
  A tengu zombie (Vaults:4)
  11 orc knights
  10 ugly things
  A wolf spider zombie (Spider:4)
  5 deep elf pyromancers
  11 harpies
  A necromancer (Vaults:5)
  A stone giant zombie (Vaults:4)
  3 phantasmal warriors
  2 shining eyes
  2 fire giant zombies (Vaults:4)
  3 deep elf zephyrmancers
  A faun (shapeshifter) (Depths:3)
  5 orc sorcerers
  12 wolf spiders
  6 fauns
  A cyclops (D:12)
  4 manticores
  A fire giant skeleton (Vaults:4)
  3 dire elephant zombies (Crypt:3)
  5 moths of wrath
  2 centaur zombies (Crypt:3)
  4 kobold blastminers (Orc:2)
  2 elephants (shapeshifter)
  2 ice statues (Coc:7)
  3 elephants
  A molten gargoyle (Hell)
  5 merfolk sirens
  3 water nymphs
  6 vault sentinels
  A titan simulacrum (Coc:1)
  2 eyes of devastation (Slime:3)
  3 torpor snails
  A rust devil (Hell)
  A dire elephant skeleton (Lair:5)
  A gargoyle (D:10)
  A cane toad (Lair:4)
  4 spectral redbacks (Spider:4)
  A hellion (Dis:4)
  A kobold demonologist (D:11)
  A rime drake (D:12)
  A sea snake zombie (Crypt:1)
  3 freezing wraiths
  7 yaktaurs
  A golden dragon simulacrum (Vaults:5)
  A tengu conjurer (Depths:1)
  A tormentor (Coc:3)
  A pale draconian skeleton (Crypt:1)
  2 ice devils
  3 komodo dragons
  A polar bear (IceCv)
  A human skeleton (Vaults:4)
  22 merfolk
  2 trolls
  A red devil (D:10)
  2 wind drakes
  19 tarantellas
  A culicivora zombie (Spider:4)
  2 glass eyes (Depths:3)
  7 blink frogs
  A spectral jumping spider (Spider:4)
  7 hornets (Depths:3)
  2 dream sheep (Shoals:3)
  A spectral tarantella (Spider:4)
  10 snapping turtles
  2 tarantella zombies (Spider:4)
  45 slime creatures
  16 jumping spiders
  A centaur simulacrum (Coc:1)
  A shadow (D:12)
  10 culicivoras
  An ushabti (Crypt:3)
  An air elemental (Elf:2)
  7 water elementals
  5 wraiths
  2 dire elephant simulacra
  A fire elemental (D:14)
  An alligator snapping turtle simulacrum (Coc:2)
  2 wargs
  13 yaks
  A wyvern (Lair:3)
  2 golden eyes (Slime:5)
  24 redbacks
  2 vampire mosquitoes (D:12)
  A harpy simulacrum (Coc:1)
  A naga zombie (Crypt:3)
  A faun zombie (Crypt:1)
  2 hell hounds (D:14)
  A water moccasin (Lair:5)
  11 orc warriors
  7 laughing skulls
  2 ettin simulacra (Coc:3)
  An ogre (Orc:1)
  7 wolves
  5 centaurs
  A glowing shapeshifter simulacrum (Vaults:5)
  5 wights (Crypt:3)
  3 wyvern skeletons (Crypt:3)
  2 killer bees
  2 electric eels (D:12)
  4 howler monkeys
  An orc priest (Orc:2)
  8 orc wizards
  An ogre skeleton (Crypt:2)
  8 gnolls
  An orc (Orc:2)
  2 goblins (Bailey)
  5 hobgoblins (Bailey)
  An aspiring flesh (Zot:3)
  A creeping inferno (Geh:6)
  3 fire vortices (Geh:6)
920 creatures vanquished.

Vanquished Creatures (others)
  Margery (Depths:3)
  2 caustic shrikes (Depths:3)
  A hellephant (Geh:1)
  A searing wretch (Geh:1)
  A fire giant (Geh:1)
  40 orc warlords
  A draconian scorcher (Zot:4)
  A balrug (Geh:4)
  6 shard shrike simulacra
  3 juggernaut simulacra
  2 caustic shrike simulacra
  A death scarab (Spider:4)
  A hell hog (Geh:1)
  An occultist (Depths:1)
  A vampire mage (Crypt:1)
  26 orc high priests
  A sun demon (Hell)
  47 orc apostles
  A quicksilver dragon simulacrum (Coc:7)
  An ironbound convoker (Vaults:5)
  A deep elf archer (Elf:2)
  A lindwurm (Vaults:2)
  2 deep elf zephyrmancers
  56 orc knights
  A storm dragon simulacrum (Coc:2)
  2 titan simulacra
  A komodo dragon (shapeshifter) (Vaults:5)
  An iron giant simulacrum (Coc:7)
  An anaconda simulacrum (Coc:2)
  An iron dragon simulacrum (Coc:7)
  A dire elephant simulacrum (Coc:2)
  2 naga simulacra
  A redback (Spider:3)
  A warg (Orc:1)
  A human (D:15)
  4 harpy simulacra
  A hydra simulacrum (Coc:7)
  19 orc warriors
  An ogre (Orc:1)
  21 orc priests
  6 orc wizards
  19 orcs
  2 goblins (Bailey)
  A creeping inferno (Geh:2)
  A fire vortex (Geh:6)
287 creatures vanquished.

Grand Total: 3297 creatures vanquished

Notes
Turn   | Place    | Note
-------+----------+-------------------------------------------
     0 | D:1      | gameguard the Demonspawn Gladiator began the quest for the
                  | Orb.
     0 | D:1      | Reached XP level 1. HP: 16/16 MP: 1/1
   339 | D:1      | Gained mutation: Your demonic aura sometimes causes spilled
                  | blood to erupt in flames. [demonic ancestry]
   339 | D:1      | Reached XP level 2. HP: 23/23 MP: 2/2
   738 | D:1      | Found a faded altar of an unknown god.
  1019 | D:2      | Noticed Terence
  1142 | D:2      | Reached XP level 3. HP: 25/29 MP: 3/3
  1506 | D:2      | Identified the amulet of Kuvvaimu {Reflect Int+2 Dex+5
                  | SH+5}
  1824 | D:2      | Found Duben's Magic Scroll Shoppe.
  1830 | D:2      | Bought a scroll of teleportation for 42 gold pieces
  1830 | D:2      | Bought a scroll of identify for 28 gold pieces
  1949 | D:2      | Killed Terence
  1950 | D:2      | Gained mutation: You have sharp fingernails. [demonic
                  | ancestry]
  1950 | D:2      | Reached XP level 4. HP: 37/37 MP: 4/4
  2334 | D:3      | Found Ymioc's Magic Scroll Shop.
  2410 | D:3      | Reached skill level 1 in Unarmed Combat
  2665 | D:4      | Gained mutation: You are partially covered in sharp spines.
                  | [demonic ancestry]
  2665 | D:4      | Reached XP level 5. HP: 42/42 MP: 5/5
  2723 | D:4      | Found a radiant altar of Vehumet.
  2938 | D:4      | Found Muixanen's Assorted Antiques.
  2988 | D:3      | Bought a scroll of blinking for 82 gold pieces
  3223 | D:4      | Reached XP level 6. HP: 49/49 MP: 6/6
  3224 | D:4      | Noticed a water moccasin
  3294 | D:5      | Entered Level 5 of the Dungeon
  3318 | D:5      | Found Ocoa's Antique Weapon Emporium.
  3359 | D:5      | Found a basalt altar of Yredelemnul.
  3475 | D:5      | Became a worshipper of Beogh the Shepherd
  3668 | D:5      | Found Ejeblei's Antique Weapon Shop.
  3705 | D:4      | Killed a water moccasin
  3706 | D:4      | Reached skill level 5 in Fighting
  3706 | D:4      | Gained mutation: You are partially covered in yellow
                  | scales. (AC +2) [demonic ancestry]
  3706 | D:4      | Reached XP level 7. HP: 56/56 MP: 7/7
  4047 | D:5      | Found Retojoamin's Jewellery Boutique.
  4254 | D:5      | Found an iron altar of Okawaru.
  4545 | D:3      | Bought a scroll of fear for 44 gold pieces
  4637 | D:6      | Noticed Jeremiah
  4678 | D:6      | Reached skill level 5 in Unarmed Combat
  4995 | D:6      | Found a sand-covered staircase.
  5002 | Ossuary  | Entered an ossuary
  5029 | Ossuary  | Reached * piety under Beogh
  5213 | Ossuary  | Gained mutation: You are mostly covered in sharp spines.
                  | [demonic ancestry]
  5213 | Ossuary  | Reached XP level 8. HP: 64/64 MP: 8/8
  5512 | D:6      | Found a staircase to the Ecumenical Temple.
  5731 | D:6      | Killed Jeremiah
  6094 | D:3      | Bought a scroll of revelation for 82 gold pieces
  6094 | D:3      | Bought a scroll of identify for 22 gold pieces
  6094 | D:3      | Bought a scroll of identify for 22 gold pieces
  6094 | D:3      | Bought a scroll of teleportation for 33 gold pieces
  6094 | D:3      | Bought a scroll of enchant armour for 82 gold pieces
  6094 | D:3      | Bought a scroll of fog for 44 gold pieces
  6473 | D:7      | Reached XP level 9. HP: 62/72 MP: 9/9
  6667 | D:7      | Reached ** piety under Beogh
  7138 | D:7      | Found a sparkling altar of Nemelex Xobeh.
  7168 | D:7      | Found a bloodstained altar of Trog.
  7579 | D:8      | Reached skill level 1 in Invocations
  7625 | D:8      | Reached skill level 1 in Evocations
  7820 | D:8      | Paralysed by a hornet for 3 turns
  7823 | D:8      | Reached skill level 2 in Invocations
  8003 | D:8      | Reached skill level 3 in Invocations
  8018 | D:8      | Reached XP level 10. HP: 65/82 MP: 12/12
  8403 | D:8      | Noticed Psyche
  8405 | D:8      | Killed Psyche
  8505 | D:8      | Reached skill level 1 in Armour
  8629 | D:8      | Reached skill level 4 in Invocations
  9378 | D:9      | Identified the amulet of Misholiss {Faith rN++ Regen+
                  | Int-3}
  9525 | D:9      | Reached skill level 10 in Unarmed Combat
  9802 | D:9      | Reached *** piety under Beogh
  9814 | D:9      | Identified the +0 robe of Gingep {Rampage +Inv Str+3}
  9814 | D:9      | Noticed Nordag
  9828 | D:9      | Anointed Nordag the wizard as your apostle
 10195 | D:9      | Reached skill level 5 in Invocations
 10443 | D:10     | Entered Level 10 of the Dungeon
 10443 | D:10     | Found a flagged portal.
 10447 | D:10     | Noticed a gargoyle
 10453 | D:10     | Killed a gargoyle
 10453 | D:10     | Your ally Nordag died
 10456 | D:10     | Identified the +10 hand axe "Ysmeime" {pain, ^Drain rElec
                  | Will+ rCorr}
 10548 | D:10     | Reached skill level 6 in Invocations
 10578 | D:10     | Noticed Argrim
 10617 | D:10     | Anointed Argrim the warrior as your apostle
 10622 | Bailey   | Entered a bailey
 10683 | Bailey   | Reached XP level 11. HP: 89/89 MP: 15/15
 10687 | Bailey   | Reached **** piety under Beogh
 10767 | Bailey   | Noticed an orc knight
 10779 | Bailey   | Killed an orc knight
 10821 | Bailey   | Noticed an orc warlord
 10835 | Bailey   | Pacified an orc warlord
 10874 | Bailey   | Identified the +2 dagger of the Moon {freeze, rPois rCorr
                  | Dex+2}
 10884 | Bailey   | Reached skill level 13 in Invocations
 10884 | Bailey   | Gained mutation: You have very sharp fingernails. [demonic
                  | ancestry]
 10884 | Bailey   | Reached XP level 12. HP: 96/96 MP: 8/21
 11063 | D:10     | Your ally Nordag died
 11095 | D:10     | Found a staircase to the Lair.
 11213 | D:10     | Found a stormy altar of Qazlal.
 11360 | D:10     | Noticed a two-headed ogre
 11365 | D:10     | Killed a two-headed ogre
 11542 | D:10     | Noticed a two-headed ogre
 11549 | D:10     | Killed a two-headed ogre
 11560 | D:10     | Noticed a two-headed ogre
 11569 | D:10     | Killed a two-headed ogre
 11570 | D:10     | Reached skill level 10 in Fighting
 11882 | Lair:1   | Entered Level 1 of the Lair of Beasts
 12044 | Lair:1   | Identified the +11 dire flail of Distraction {protect,
                  | rPois}
 12059 | Lair:1   | Anointed Borgk the warrior as your apostle
 12114 | Lair:1   | Noticed a catoblepas
 12131 | Lair:1   | Killed a catoblepas
 12132 | Lair:1   | Reached skill level 14 in Invocations
 12233 | Lair:1   | Noticed Gastronok
 12257 | Lair:1   | Killed Gastronok
 12285 | Lair:1   | Identified a scroll of acquirement
 12286 | Lair:1   | Acquired the ring of Bauliaq {*Corrode *Slow rPois Will+
                  | Dex+5}
 12383 | Lair:1   | Reached skill level 5 in Evocations
 12519 | Lair:1   | You fall into a shaft and drop 1 floor!
 12530 | Lair:2   | Your ally Borgk died
 12531 | Lair:2   | Gained mutation: Your demonic aura often causes spilled
                  | blood to erupt in flames. [demonic ancestry]
 12531 | Lair:2   | Reached XP level 13. HP: 96/104 MP: 21/23
 12538 | Lair:2   | Reached skill level 5 in Dodging
 12544 | Lair:2   | Your ally Nordag died
 12600 | Lair:2   | Noticed Urug
 12611 | Lair:2   | Your ally Argrim died
 12617 | Lair:2   | Killed Urug
 12989 | Lair:2   | Reached ***** piety under Beogh
 13284 | Lair:2   | Found a hole to the Spider Nest.
 13692 | Lair:3   | Identified the +10 dagger of Pocaat {flame, Str+3}
 13692 | Lair:3   | Identified the +0 robe "Eshria" {Str+4}
 13692 | Lair:3   | Noticed Garbold
 13701 | Lair:3   | Anointed Garbold the wizard as your apostle
 13771 | Lair:3   | Found a staircase to the Shoals.
 13782 | Lair:3   | Reached skill level 15 in Invocations
 14023 | Lair:3   | Reached skill level 5 in Armour
 14044 | Lair:3   | Found a radiant altar of Vehumet.
 14746 | Lair:4   | Acquired a manual of Armour
 15181 | Lair:5   | Entered Level 5 of the Lair of Beasts
 15266 | Lair:5   | Gained mutation: You are mostly covered in yellow scales.
                  | (AC +3) [demonic ancestry]
 15266 | Lair:5   | Reached XP level 14. HP: 113/113 MP: 17/25
 15357 | Lair:5   | Found a staircase to the Slime Pits.
 15358 | Lair:5   | Found a viscous altar of Jiyva.
 16388 | Lair:5   | Identified the amulet of the Mutiny {rElec rPois Regen+
                  | Int-3}
 16903 | D:11     | Noticed Lodul
 16911 | D:11     | Killed Lodul
 17039 | D:11     | Found Jostaor's Magic Scroll Shop.
 17048 | D:11     | Bought a scroll of blinking for 90 gold pieces
 17048 | D:11     | Bought a scroll of blinking for 90 gold pieces
 17048 | D:11     | Bought a scroll of fear for 48 gold pieces
 17048 | D:11     | Bought a scroll of teleportation for 36 gold pieces
 17048 | D:11     | Bought a scroll of teleportation for 36 gold pieces
 17048 | D:11     | Bought a scroll of fog for 48 gold pieces
 17542 | D:12     | Anointed Borgun the priest as your apostle
 17579 | D:12     | Found a staircase to the Orcish Mines.
 17581 | D:12     | Reached skill level 16 in Invocations
 17587 | D:12     | Noticed Nergalle
 17595 | D:12     | Killed Nergalle
 17598 | D:12     | Noticed Erolcha
 17601 | D:12     | Killed Erolcha
 17641 | D:12     | Found a frozen archway.
 17705 | IceCv    | Entered an ice cave
 18057 | IceCv    | Noticed a frost giant
 18062 | IceCv    | Killed a frost giant
 18062 | IceCv    | Reached ****** piety under Beogh
 18063 | IceCv    | Reached XP level 15. HP: 76/122 MP: 27/27
 18430 | D:12     | Reached skill level 15 in Unarmed Combat
 18985 | Orc:1    | Entered Level 1 of the Orcish Mines
 19227 | Orc:1    | Found a roughly hewn altar of Beogh.
 19352 | Orc:1    | Noticed Maurice
 19368 | Orc:1    | Your ally Borgun died
 19499 | Orc:1    | Killed Maurice
 19702 | Orc:2    | Entered Level 2 of the Orcish Mines
 19702 | Orc:2    | Found a staircase to the Elven Halls.
 19702 | Orc:2    | Found Fomel's Jewellery Boutique.
 19721 | Orc:2    | Your ally Borgk died
 19721 | Orc:2    | Identified the +9 flail "Sicu" {freeze, *Corrode Fly rF+
                  | Int+2}
 19736 | Orc:2    | Anointed Thorok the priest as your apostle
 19757 | Orc:2    | Found Leptak's Magic Scroll Shop.
 19757 | Orc:2    | Found Quifaypi's Weapon Emporium.
 19762 | Orc:2    | Found Piyheo's Jewellery Boutique.
 19810 | Orc:2    | Your ally Thorok died
 19814 | Orc:2    | Found Qesir's Book Shoppe.
 19984 | Orc:2    | Bought a scroll of blinking for 97 gold pieces
 19984 | Orc:2    | Bought a scroll of teleportation for 39 gold pieces
 19992 | Orc:2    | Bought the ring of Bairrux {Will+ SInv} for 579 gold pieces
 20010 | Orc:2    | Found Kaisos's Antique Armour Emporium.
 20026 | Orc:2    | Found Qotyoc's Jewellery Boutique.
 20026 | Orc:2    | Found Didgho Sale's Jewellery Shoppe.
 20034 | Orc:2    | Bought the ring of Waesushe {rC+ AC+4 Dex+8} for 868 gold
                  | pieces
 20362 | Orc:2    | Bought a spiked chain mail for 275 gold pieces
 20362 | Orc:2    | Identified the +1 chain mail of Duck's Teeth {^Drain Will++
                  | Str+6} (You bought it in a shop on level 2 of the Orcish
                  | Mines)
 20516 | D:13     | Found Vurphaun's Tremendous Tomes.
 20588 | D:13     | Found a bloodstained altar of Trog.
 20808 | D:13     | Noticed Nessos
 20811 | D:13     | Killed Nessos
 20878 | D:13     | Noticed Josephine
 20883 | D:13     | Killed Josephine
 20911 | D:13     | Noticed Sonja
 20913 | D:13     | Killed Sonja
 21247 | D:14     | Found a transporter.
 21332 | D:14     | Found a gate to the Vaults.
 21443 | D:14     | Reached skill level 17 in Invocations
 21762 | D:14     | Noticed Azrael
 21770 | D:14     | Killed Azrael
 21771 | D:14     | Reached skill level 10 in Armour
 21792 | D:14     | Acquired the ring of Wafopp {^Drain EV+5 Str+2 Dex+6}
 21984 | D:15     | Entered Level 15 of the Dungeon
 22121 | D:15     | Reached XP level 16. HP: 101/130 MP: 28/28
 22219 | D:15     | Found a runed translucent gate.
 22219 | D:15     | Found a runed translucent gate.
 22219 | D:15     | Found a runed translucent gate.
 22222 | D:15     | Found a viscous altar of Jiyva.
 22222 | D:15     | Noticed Dulih's ghost (journeyman MiBe)
 22374 | D:15     | Reached skill level 1 in Shields
 22376 | D:15     | Found a staircase to the Depths.
 22408 | D:15     | Noticed Kirke
 22411 | D:15     | Killed Kirke
 22507 | D:15     | Identified the +4 war axe "Lil Dagg" {flame, ^Drain rN+
                  | SInv Stlth+}
 22523 | D:15     | Anointed Gorg the warrior as your apostle
 22540 | D:15     | Identified the +8 rapier "Myruz" {protect, rC+ rN++ Str+2
                  | Int-3}
 22997 | Shoals:1 | Entered Level 1 of the Shoals
 23843 | Shoals:2 | Noticed KennySheep's ghost (adept OnCA)
 23853 | Shoals:2 | Found a runed translucent gate.
 23853 | Shoals:2 | Found a runed translucent gate.
 23853 | Shoals:2 | Found a runed translucent gate.
 24062 | Shoals:2 | Killed KennySheep's ghost
 24326 | Shoals:2 | Noticed Louise
 24337 | Shoals:2 | Killed Louise
 24831 | Shoals:3 | Acquired a manual of Evocations
 25326 | Shoals:3 | Noticed Ilsuiw
 25348 | Shoals:3 | Killed Ilsuiw
 25360 | Shoals:3 | Noticed Roxanne
 25373 | Shoals:3 | Killed Roxanne
 25542 | Shoals:4 | Entered Level 4 of the Shoals
 25620 | Shoals:4 | Reached XP level 17. HP: 137/138 MP: 29/29
 25630 | Shoals:4 | Reached skill level 1 in Shapeshifting
 25847 | Shoals:4 | Reached skill level 18 in Invocations
 25885 | Shoals:3 | Your ally Thorok died
 25887 | Shoals:3 | Your ally Borgk died
 25890 | Shoals:3 | Anointed Okrist the warrior as your apostle
 25945 | Shoals:4 | Identified the +2 pair of gloves "Damnable Contraption"
                  | {rCorr}
 25945 | Shoals:4 | Noticed Nikola
 25973 | Shoals:4 | Killed Nikola
 25974 | Shoals:4 | Reached skill level 10 in Evocations
 26095 | Shoals:4 | Identified the staff of Hiset {rPois Tloc Alchemy}
 26147 | Shoals:4 | Paralysed by a formless jellyfish for 1 turns
 26160 | Shoals:4 | Your ally Gorg died
 26543 | Shoals:4 | Identified the serpent talisman "Oloy" {Will+ Str+4 Int-2}
 26543 | Shoals:4 | Noticed Aizul
 26555 | Shoals:4 | Killed Aizul
 26669 | Shoals:4 | Got a barnacled rune of Zot
 27127 | Shoals:4 | Got the Meditations on Puissant Topography
 27379 | Spider:1 | Entered Level 1 of the Spider Nest
 28528 | Spider:2 | Noticed Arachne
 28542 | Spider:2 | Killed Arachne
 28543 | Spider:2 | Reached XP level 18. HP: 147/147 MP: 31/31
 28556 | Spider:2 | Reached skill level 5 in Shapeshifting
 28877 | Spider:2 | Found a runed translucent door.
 28931 | Spider:2 | Reached skill level 10 in Dodging
 29057 | Spider:2 | Identified the +5 great sword of Ipse Dixit {holy, rF+ rN+
                  | rCorr}
 29064 | Spider:2 | Your ally Thorok died
 29075 | Spider:2 | Anointed Morbeogh the warrior as your apostle
 30320 | Spider:4 | Entered Level 4 of the Spider Nest
 30426 | Spider:4 | Reached skill level 19 in Invocations
 30452 | Spider:4 | Your ally Morbeogh died
 30468 | Spider:4 | Found a runed translucent door.
 30477 | Spider:4 | Noticed HilariousDeathArtist's ghost (adept TeSh)
 30497 | Spider:4 | Killed HilariousDeathArtist's ghost
 30564 | Spider:4 | Noticed Mlioglotl
 30573 | Spider:4 | Killed Mlioglotl
 30636 | Spider:4 | Your ally Thorok died
 30706 | Spider:4 | Reached skill level 15 in Fighting
 30713 | Spider:4 | Reached XP level 19. HP: 155/155 MP: 8/32
 30847 | Spider:4 | Got a gossamer rune of Zot
 31512 | Spider:2 | Anointed Bogric the warrior as your apostle
 31768 | Elf:1    | Entered Level 1 of the Elven Halls
 31888 | Elf:1    | Found Oqisurye's General Store.
 31890 | Elf:1    | Found Oromah's Weapon Shoppe.
 31890 | Elf:1    | Found Cyckau's Weapon Emporium.
 31893 | Elf:1    | Found Sably's Magic Scroll Emporium.
 31895 | Elf:1    | Bought a scroll of teleportation for 48 gold pieces
 31895 | Elf:1    | Bought a potion of mutation for 128 gold pieces
 32041 | Elf:1    | Got Wikhox's Incunable of Amalgamated Forces
 32130 | Elf:1    | Noticed Agnes
 32138 | Elf:1    | Killed Agnes
 32167 | Elf:1    | Identified the +1 rapier "Nakhlaazo" {flame, rElec rC+}
 32676 | Elf:2    | Your ally Thorok died
 32677 | Elf:2    | Noticed a Tzitzimitl
 32886 | Elf:2    | Paralysed by an air elemental for 1 turns
 32894 | Elf:2    | Your ally Morbeogh died
 33171 | Elf:2    | Your ally Bogric died
 33254 | Elf:2    | Found a runed translucent gate.
 33255 | Elf:2    | Found a runed translucent gate.
 33255 | Elf:2    | Found a runed translucent gate.
 33271 | Elf:2    | Found Noofeik's Jewellery Boutique.
 34012 | Elf:3    | Entered Level 3 of the Elven Halls
 34283 | Elf:3    | Your ally Bogric died
 34306 | Elf:3    | Noticed Bai Suzhen
 34317 | Elf:3    | Killed Bai Suzhen
 34321 | Elf:3    | Reached skill level 20 in Invocations
 34321 | Elf:3    | Gained mutation: You are completely covered in sharp
                  | spines. [demonic ancestry]
 34321 | Elf:3    | Reached XP level 20. HP: 163/163 MP: 24/34
 34549 | Elf:3    | Found Ybbour's Magic Scroll Boutique.
 34661 | Elf:3    | Your ally Thorok died
 34682 | Elf:3    | Your ally Morbeogh died
 34684 | Elf:3    | Identified the amulet "Nuuxa" {rElec RegenMP+ Dex+3}
 34894 | Elf:3    | Found the +8 demon blade "Leech" {evervamp, Harm ^Drain
                  | rN+}
 34915 | Elf:3    | Identified the +3 cloak of the Constellations {rElec rF+
                  | Will+ Stlth+}
 34956 | Elf:3    | Identified the +3 dagger of the Soft God {antimagic, Str+6
                  | Int+4 Dex-3}
 34956 | Elf:3    | Identified the orb of Subjectivity {*channel, rPois rC+}
 34981 | Elf:3    | Anointed Bogfrid the wizard as your apostle
 34984 | Elf:3    | Got Halyef's Volume of the Combined Blizzard
 35021 | Elf:3    | Identified the +1 short sword "Efynn" {freeze, ^Contam
                  | rPois Dex+5}
 35031 | Elf:3    | Identified the ring of Wunyugin {rElec rPois Int-4 Slay+2
                  | SInv}
 35053 | Elf:3    | Got Sif Muna's Spellbook of the Called Wendigo
 35119 | Elf:3    | Identified the +12 shortbow of Ruimip {elec, ^Contam Fly
                  | Int+4}
 35366 | Elf:3    | Bought a scroll of teleportation for 33 gold pieces
 35366 | Elf:3    | Bought a scroll of teleportation for 33 gold pieces
 35366 | Elf:3    | Bought a scroll of fear for 44 gold pieces
 35366 | Elf:3    | Bought a scroll of immolation for 44 gold pieces
 35366 | Elf:3    | Bought a scroll of enchant armour for 82 gold pieces
 35366 | Elf:3    | Bought 2 scrolls of blinking for 165 gold pieces
 35411 | Elf:1    | Bought a scroll of enchant armour for 105 gold pieces
 35411 | Elf:1    | Bought a scroll of teleportation for 42 gold pieces
 35411 | Elf:1    | Bought a scroll of fear for 56 gold pieces
 35543 | Vaults:1 | Entered Level 1 of the Vaults
 35727 | Vaults:1 | Found Kuc Tuen's General Store.
 35805 | Vaults:1 | Found Hiemofom's Antique Armour Emporium.
 35824 | Vaults:1 | Bought a brightly glowing chain mail for 294 gold pieces
 35824 | Vaults:1 | Identified the +3 chain mail of Toen {-Cast rElec Str+5
                  | Int-2} (You bought it in a shop on level 1 of the Vaults)
 35983 | Vaults:1 | Reached skill level 10 in Shapeshifting
 36104 | Vaults:1 | Reached skill level 15 in Evocations
 37002 | Vaults:2 | Your ally Bogric died
 37208 | Vaults:2 | Found a staircase to the Crypt.
 37208 | Vaults:2 | Found a basalt altar of Yredelemnul.
 37208 | Vaults:2 | Found an ancient bone altar of Kikubaaqudgha.
 37525 | Vaults:2 | Found a runed translucent door.
 37562 | Vaults:2 | Reached XP level 21. HP: 171/171 MP: 35/35
 37609 | Vaults:2 | Identified the +3 robe of Feiromakh {Str+3 Dex+3}
 37614 | Vaults:2 | Identified the +6 hand axe "Banehy" {spect, rPois}
 37892 | Vaults:3 | Reached skill level 21 in Invocations
 37923 | Vaults:3 | Your ally Bogric died
 37937 | Vaults:3 | Anointed Argrim the warrior as your apostle
 38020 | Vaults:3 | Your ally Argrim died
 38124 | Vaults:3 | Found a flickering gateway to a bazaar.
 38130 | Bazaar   | Entered a bazaar
 38130 | Bazaar   | Found Beuxuvem's Antique Weapon Emporium.
 38137 | Bazaar   | Found Wilecsaz's Distillery.
 38145 | Bazaar   | Found Lotiatho's Jewellery Boutique.
 38156 | Bazaar   | Found Kaotouti's General Store.
 38180 | Bazaar   | Found Oguluigg's Antique Armour Shop.
 38209 | Bazaar   | Bought a potion of curing for 24 gold pieces
 38209 | Bazaar   | Bought 2 potions of might for 64 gold pieces
 38209 | Bazaar   | Bought a potion of might for 32 gold pieces
 38209 | Bazaar   | Bought a potion of heal wounds for 40 gold pieces
 38209 | Bazaar   | Bought a potion of curing for 24 gold pieces
 38209 | Bazaar   | Bought a potion of invisibility for 64 gold pieces
 38209 | Bazaar   | Bought a potion of curing for 24 gold pieces
 38222 | Bazaar   | Bought a scroll of immolation for 44 gold pieces
 38222 | Bazaar   | Bought 2 potions of heal wounds for 110 gold pieces
 38222 | Bazaar   | Bought a potion of resistance for 110 gold pieces
 38222 | Bazaar   | Bought a potion of curing for 33 gold pieces
 40023 | Vaults:4 | Found a large runed translucent door.
 40023 | Vaults:4 | Found a large runed translucent door.
 40023 | Vaults:4 | Noticed Zuiczola's ghost (adept DrAl)
 40023 | Vaults:4 | Noticed Qeunemit's ghost (adept GrFi)
 40192 | Vaults:4 | Gained mutation: You have claws for hands. [demonic
                  | ancestry]
 40192 | Vaults:4 | Reached XP level 22. HP: 181/181 MP: 34/36
 40830 | Vaults:4 | Killed Zuiczola's ghost
 40840 | Vaults:4 | Killed Qeunemit's ghost
 41044 | Crypt:1  | Entered Level 1 of the Crypt
 41193 | Crypt:1  | Reached skill level 5 in Shields
 41441 | Crypt:1  | Noticed Grunn
 41455 | Crypt:1  | Killed Grunn
 42103 | Crypt:2  | Reached skill level 22 in Invocations
 42403 | Crypt:2  | Anointed Gorbash the priest as your apostle
 42934 | Crypt:3  | Entered Level 3 of the Crypt
 43116 | Crypt:3  | Found a basalt altar of Yredelemnul.
 43376 | Crypt:3  | Identified the +0 leather armour of Durchewn {Str+4}
 43386 | Crypt:3  | Got the Thoughts on Maleficent Rites
 43430 | Crypt:3  | Gained mutation: You are completely covered in yellow
                  | scales. (AC +4, rCorr) [demonic ancestry]
 43430 | Crypt:3  | Reached XP level 23. HP: 189/189 MP: 38/38
 43545 | Crypt:3  | Noticed Zenata
 43554 | Crypt:3  | Killed Zenata
 44068 | Crypt:3  | Found a staircase to the Tomb.
 44591 | Crypt:3  | Got Sif Muna's Vellum of Dimensional Amathomancy
 44712 | Crypt:3  | Identified the +1 plate armour of Protective Custody {rC+
                  | Regen+ Str+4 Dex+3}
 44746 | Crypt:3  | Anointed Koronagh the priest as your apostle
 45070 | Depths:1 | Entered Level 1 of the Depths
 45148 | Depths:1 | Found a one-way gate to the infinite horrors of the Abyss.
 45269 | Depths:1 | Found an iron altar of Okawaru.
 45417 | Depths:1 | Found a gateway to Hell.
 46249 | Depths:2 | Found a one-way gate leading to the halls of Pandemonium.
 47001 | Depths:2 | Acquired a manual of Translocations
 47006 | Depths:2 | Learned a level 2 spell: Blink
 47009 | Depths:2 | Learned a level 2 spell: Lesser Beckoning
 47039 | Depths:3 | Reached skill level 23 in Invocations
 47040 | Depths:3 | Your ally Bogfrid died
 47041 | Depths:3 | Reached skill level 1 in Translocations
 47076 | Depths:3 | Identified the +0 robe of the Jackalope {rElec Int-2 Slay-3
                  | Archmagi}
 47192 | Depths:3 | Noticed a caustic shrike
 47195 | Depths:3 | Noticed a caustic shrike
 47197 | Depths:3 | Noticed a caustic shrike
 47198 | Depths:3 | Noticed a caustic shrike
 47198 | Depths:3 | Noticed a caustic shrike
 47199 | Depths:3 | Killed a caustic shrike
 47202 | Depths:3 | Killed a caustic shrike
 47202 | Depths:3 | Noticed Margery
 47208 | Depths:3 | Killed a caustic shrike
 47209 | Depths:3 | Gained mutation: You punish those that try to bend your
                  | will. (Will+) [demonic ancestry]
 47209 | Depths:3 | Reached XP level 24. HP: 89/199 MP: 36/38
 47228 | Depths:3 | Your ally Bogfrid died
 47229 | Depths:3 | Your ally Koronagh died
 47233 | Depths:3 | Killed Margery
 47317 | Depths:3 | Anointed Boruk the warrior as your apostle
 47400 | Depths:3 | Found Jazixo's Weapon Shoppe.
 47694 | Depths:3 | Found a one-way gateway to a ziggurat.
 47887 | Depths:3 | Reached skill level 5 in Translocations
 48192 | Depths:4 | Entered Level 4 of the Depths
 48240 | Depths:4 | Reached skill level 15 in Dodging
 48518 | Depths:4 | Reached skill level 10 in Shields
 48595 | Depths:4 | Found a gate to the Realm of Zot.
 48646 | Depths:4 | Found a runed translucent door.
 48646 | Depths:4 | Found a shimmering altar of Xom.
 48646 | Depths:4 | Noticed Naxzaufe's ghost (veteran DEHs)
 48646 | Depths:4 | Identified the +7 scimitar "Rofauhoj" {chaos, rElec}
 48771 | Depths:4 | Reached skill level 15 in Shapeshifting
 49092 | Depths:4 | Killed Naxzaufe's ghost
 49374 | Vaults:5 | Entered Level 5 of the Vaults
 49549 | Vaults:5 | Noticed an ancient lich
 49596 | Vaults:5 | Killed an ancient lich
 49653 | Vaults:5 | Gained mutation: You are resistant to unholy torment.
                  | [demonic ancestry]
 49653 | Vaults:5 | Reached XP level 25. HP: 187/207 MP: 38/38
 49917 | Vaults:5 | Got a silver rune of Zot
 49947 | Vaults:5 | Noticed an ancient lich
 49952 | Vaults:5 | Killed an ancient lich
 49993 | Vaults:5 | Your ally Koronagh died
 49994 | Vaults:5 | Identified the ring of Attitude {rCorr Dex+6}
 49994 | Vaults:5 | Noticed Sojobo
 49997 | Vaults:5 | Identified the +3 trident of Prescription {freeze, Will+}
 49999 | Vaults:5 | Reached skill level 24 in Invocations
 50003 | Vaults:5 | Killed Sojobo
 50005 | Vaults:5 | Noticed a dread lich
 50014 | Vaults:5 | Killed a dread lich
 50068 | Vaults:5 | Reached skill level 15 in Armour
 50081 | Vaults:5 | Identified the +3 great mace "Omyso" {venom, Int+5}
 50094 | Vaults:5 | Noticed Jory
 50101 | Vaults:5 | Killed Jory
 50182 | Vaults:5 | Found Caowoy's Antique Weapon Shop.
 50298 | Vaults:5 | Got the Disquisition on Atmospheric Amathomancy
 50500 | Vaults:5 | Noticed a dread lich
 50507 | Vaults:5 | Killed a dread lich
 50513 | Vaults:5 | Identified the +7 quarterstaff "Ygresao" {flame, *Corrode
                  | rPois Str+3 Dex+4}
 50651 | Vaults:5 | Identified the +8 morningstar of the Scorching Gods
                  | {freeze, rPois rCorr}
 50688 | Vaults:5 | Identified the staff of Renei {^Fragile rElec Int-2 Tloc
                  | Air Earth}
 50730 | Vaults:5 | Identified the staff "Arbiter" {rElec rPois Int-4 Dex+3
                  | Tloc Alchemy}
 51209 | Slime:1  | Entered Level 1 of the Pits of Slime
 51348 | Slime:1  | Gained mutation: You have supernaturally acute eyesight.
                  | (SInv) [a shining eye]
 51431 | Slime:3  | Identified the +5 dagger "Diuliux" {flame, rPois Str+2
                  | Int+6 Dex-4}
 51508 | Slime:4  | Your ally Gorbash died
 51533 | Slime:5  | Entered Level 5 of the Pits of Slime
 51619 | Slime:5  | Found a viscous altar of Jiyva.
 51719 | Slime:5  | Noticed the Royal Jelly
 51726 | Slime:5  | Killed the Royal Jelly
 51728 | Slime:5  | Your ally Koronagh died
 51736 | Slime:5  | Your ally Gorbash died
 51741 | Slime:5  | Gained mutation: You can hurl damnation. [demonic ancestry]
 51741 | Slime:5  | Reached XP level 26. HP: 202/216 MP: 20/39
 51744 | Slime:5  | Your ally Boruk died
 51849 | Slime:5  | Identified the +3 chain mail "Bodirry" {-Tele Int+2 SInv}
 51915 | Slime:5  | Identified the ring of Haekkuk {rPois rCorr Int+2 SInv}
 51925 | Slime:5  | Identified the +0 troll leather armour "Wanoit" {rC+
                  | Regen+}
 51956 | Slime:5  | Identified the +2 war axe "Murmur" {heavy, ^Fragile rElec
                  | Str+9 Stlth-}
 51970 | Slime:5  | Got a slimy rune of Zot
 52490 | Hell     | Entered the Vestibule of Hell
 52490 | Hell     | Noticed Geryon
 52509 | Hell     | Killed Geryon
 52729 | Depths:1 | Reached skill level 10 in Translocations
 52745 | Depths:1 | Learned a level 4 spell: Passage of Golubria
 52910 | Orc:2    | Bought the Anthology of Lightning for 352 gold pieces
 52915 | Orc:2    | Learned a level 4 spell: Vhi's Electric Charge
 53158 | Zot:1    | Entered Level 1 of the Realm of Zot
 53371 | Zot:1    | Reached skill level 1 in Air Magic
 53468 | Zot:1    | Found the +18 shield of the Gong {Loud rN+ Will+ rCorr
                  | EV-5}
 53538 | Zot:1    | Reached skill level 1 in Spellcasting
 53776 | Zot:1    | Found a transporter.
 53972 | Zot:1    | Found a transporter.
 54173 | Zot:1    | Noticed an ancient lich
 54186 | Zot:1    | Killed an ancient lich
 54352 | Zot:1    | Identified the ring of the Duke {Str+6 Slay+2}
 54363 | Zot:1    | Identified the ring "Ylovurr" {Wiz Dex+3}
 54368 | Zot:1    | Identified the ring "Exotom" {rF+++ rN+ rCorr MP+9 Slay-2}
 55263 | Zot:3    | Your ally Koronagh died
 55298 | Zot:3    | Your ally Gorbash died
 55425 | Zot:3    | Identified the +3 plate armour of Prudence {-Cast rElec rC+
                  | Stlth+}
 55888 | Zot:4    | Reached skill level 25 in Invocations
 55941 | Zot:4    | Gained mutation: Your demonic aura causes all spilled blood
                  | to erupt in flames. [demonic ancestry]
 55941 | Zot:4    | Reached XP level 27. HP: 224/224 MP: 39/39
 57163 | Depths:4 | Anointed Bolgrim the priest as your apostle
 57234 | Hell     | Your ally Bolgrim died
 57249 | Hell     | Your ally Koronagh died
 57304 | Hell     | Found a gateway to the decaying netherworld of Tartarus.
 57337 | Hell     | Found a gateway to the ashen valley of Gehenna.
 57451 | Hell     | Identified the orb "Goinaf" {*channel, Regen+ Dex+5}
 57471 | Hell     | Found a gateway to the freezing wastes of Cocytus.
 57609 | Hell     | Found a gateway to the Iron City of Dis.
 57754 | Coc:1    | Entered Level 1 of Cocytus
 57866 | Coc:2    | Your ally Bolgrim died
 57933 | Coc:3    | Paralysed by a wendigo for 1 turns
 58066 | Coc:4    | Your ally Bolgrim died
 58068 | Coc:4    | Your ally Koronagh died
 58072 | Coc:4    | Your ally Gorbash died
 58341 | Coc:6    | Reached skill level 15 in Shields
 58408 | Coc:7    | Entered Level 7 of Cocytus
 58412 | Coc:7    | Your ally Bolgrim died
 58444 | Coc:7    | Paralysed by a wendigo for 1 turns
 58457 | Coc:7    | Your ally Gorbash died
 58460 | Coc:7    | Paralysed by a wendigo for 1 turns
 58464 | Coc:7    | Your ally Koronagh died
 58487 | Coc:7    | Paralysed by a wendigo for 1 turns
 58533 | Coc:7    | Paralysed by a wendigo for 1 turns
 58538 | Coc:7    | Paralysed by a wendigo for 1 turns
 58583 | Coc:7    | Paralysed by a wendigo for 1 turns
 58592 | Coc:7    | Paralysed by a wendigo for 1 turns
 58758 | Coc:7    | Paralysed by a wendigo for 1 turns
 58783 | Coc:7    | Your ally Bolgrim died
 58841 | Coc:7    | Paralysed by a wendigo for 1 turns
 58858 | Coc:7    | Paralysed by a wendigo for 1 turns
 58919 | Coc:7    | Reached skill level 26 in Invocations
 58919 | Coc:7    | Noticed Antaeus
 58937 | Coc:7    | Killed Antaeus
 58954 | Coc:7    | Your ally Bolgrim died
 58962 | Coc:7    | Got an icy rune of Zot
 58972 | Coc:7    | Your ally Koronagh died
 59015 | Coc:7    | Identified the +9 flail of the Shoals {pain, rN+ rCorr
                  | Dex-2 SInv}
 59060 | Coc:7    | Identified the +0 pair of boots "Ujikhles" {+Inv rN+ SInv}
 59113 | Coc:7    | Identified the ring of Pos Dyd {rC+ Will+ Str+2}
 59119 | Coc:7    | Your ally Gorbash died
 59262 | Hell     | Anointed Morun the warrior as your apostle
 59293 | Geh:1    | Entered Level 1 of Gehenna
 59299 | Geh:1    | Your ally Morun died
 59524 | Geh:2    | Your ally Gorbash died
 59536 | Geh:2    | Identified the +1 great mace of Lucen {venom, rElec rPois
                  | Will+ Str+4}
 59539 | Geh:2    | Your ally Morun died
 59550 | Geh:2    | Anointed Arbeogh the warrior as your apostle
 59551 | Geh:2    | Your ally Arbeogh died
 60144 | Geh:4    | You fall into a shaft and drop 1 floor!
 60234 | Geh:6    | Reached skill level 5 in Air Magic
 60352 | Geh:7    | Entered Level 7 of Gehenna
 60455 | Geh:7    | Your ally Arbeogh died
 60458 | Geh:7    | Your ally Morun died
 60463 | Geh:7    | Reached skill level 15 in Translocations
 60464 | Geh:7    | Your ally Gorbash died
 60707 | Geh:7    | Reached skill level 5 in Spellcasting
 60885 | Geh:7    | Identified the staff "Noarehieh" {*Slow rPois rF+ Str+6
                  | Fire Alchemy}
 61367 | Geh:7    | Identified the +9 glaive of the Median {elec, rElec rPois
                  | rN+}
 61455 | Geh:7    | Found the +13 sceptre of Asmodeus
 61455 | Geh:7    | Noticed Asmodeus
 61466 | Geh:7    | Killed Asmodeus
 61541 | Geh:7    | Identified the +2 great mace "Racramm" {drain, rF+ rC+ MP+9
                  | Stlth+}
 61577 | Geh:7    | Got the Secrets of Breath
 61597 | Geh:7    | Got an obsidian rune of Zot
 61908 | Dis:1    | Entered Level 1 of the Iron City of Dis
 62080 | Dis:2    | Noticed an ancient lich
 62090 | Dis:2    | Killed an ancient lich
 62125 | Dis:2    | Your ally Gorbash died
 62125 | Dis:2    | Your ally Arbeogh died
 62134 | Dis:2    | Anointed Ortolf the warrior as your apostle
 62325 | Dis:4    | Your ally Morun died
 62535 | Dis:5    | Your ally Ortolf died
 62545 | Dis:5    | Killed from afar by a hellion

Illustrated notes

Levels and vault maps discovered:
D:1:      dpeg_cavernosity, layout_loops_ring, chequers_ecumenical_altar_island
D:2:      layout_loops_ring, serial_shops, nicolae_shop_trees, serial_forest,
          infiniplex_forest_lined_room_2, infiniplex_forest_clump_tiny,
          infiniplex_forest_end_2, infiniplex_forest_clump_medium,
          infiniplex_forest_clump_medium, infiniplex_forest_lined_4_way,
          infiniplex_forest_side_room, infiniplex_forest_clump_tiny,
          kennysheep_generic_room_2, uniq_terence
D:3:      layout_rooms, serial_shops, nicolae_shop_getting_attention,
          reono_crystal_passage
D:4:      layout_rooms, mainiacjoe_overflow_brackets, serial_shops,
          nicolae_shop_stone, serial_glass, glass_columns_a, glass_columns_c
D:5:      layout_loops_ring, mainiacjoe_overflow_boulevard,
          mainiacjoe_overflow_cross_hatched, serial_shops,
          nicolae_shop_peninsula, nicolae_square_shop,
          nicolae_shop_window_shopping
D:6:      layout_layer_cave, minmay_temple_entry_drinking_statues,
          enter_ossuary_2, st_stairs_9, due_unseen_surprise, uniq_jeremiah
D:7:      hangedman_cross_stitches, layout_loops_ring,
          mainiacjoe_overflow_big_doors
D:8:      layout_layer_cave, st_stairs_11, kennysheep_minor_cross,
          solitary_fountain, uniq_psyche
D:9:      layout_stronghold, mainiacjoe_overflow_alcove_2,
          minmay_misc_feat_doors, hangedman_decor_lopped,
          nicolae_figureground_sparkle
D:10:     layout_loops_corners, mainiacjoe_overflow_concentric_impassable,
          due_lair_maze_entry_diamond, enter_bailey_2, st_stairs_10,
          nicolae_where_there's_smoke
D:11:     layout_loops_ring, serial_shops, shop, uniq_lodul
D:12:     layout_basic, portal_ice_cave_rime, uniq_erolcha, uniq_nergalle
D:13:     layout_basic, kennysheep_doodads, fungi_pond_lemuel,
          nicolae_shop_i_like_big_books, trog_three_pillars_becter, uniq_sonja,
          uniq_nessos, uniq_josephine
D:14:     layout_basic, david_vaults_2, minmay_misc_feat_tower,
          nicolae_diode_basic, uniq_azrael
D:15:     hellmonk_depths_entry_around_the_bend, layout_basic,
          gammafunk_ghost_ooze, minivault_14, wad_woods_river_04,
          nicolae_fountain_basement, uniq_kirke
Lair:1:   layout_hall_layers, grunt_megastairs_3, uniq_gastronok
Lair:2:   layout_hall_layers, hellmonk_spider_entry_not_the_bees,
          grunt_megastairs_4, infiniplex_staircase_pool, uniq_urug
Lair:3:   layout_loops_ring, minmay_shoals_entry_beasts, basic_altar
Lair:4:   layout_roguey, lemuel_fruit_fields
Lair:5:   due_jungle_book, layout_gridlike, slime_entry_1
Shoals:1: layout_shoals
Shoals:2: layout_shoals, gammafunk_ghost_split, nicolae_shoals_hunting_party,
          uniq_louise
Shoals:3: layout_shoals, nicolae_shoals_gull_way, uniq_ilsuiw, uniq_roxanne
Shoals:4: shoals_end_simple, layout_shoals, shoals_ilsuiw_ice, uniq_nikola,
          uniq_aizul
Spider:1: layout_cave_pods, nicolae_spider_bug_shape
Spider:2: cheibrodos_spider_deadly_dance, uniq_arachne
Spider:3: layout_spider_delve
Spider:4: floodkiller_spider_rune_tomb, ebering_ghost_reflecting_pool,
          nicolae_orb_stairs, uniq_mlioglotl
Slime:1:  layout_caves, nicolae_slime_phagocytosis
Slime:2:  layout_caves, cheibrodos_slime_lost_civilization_4
Slime:3:  layout_caves
Slime:4:  layout_caves
Slime:5:  slime_pit_nicolae_jellycorners
Orc:1:    layout_caves, lightli_church_of_beogh, uniq_maurice
Orc:2:    st_orc_rangers, layout_caves, serial_shops, shop,
          guppyfry_orc_lava_fort
Elf:1:    layout_geoelf_octagon, minmay_elf_sorcery, drop_trap,
          minmay_shoptagon, lemuel_upstairs_altar, uniq_agnes
Elf:2:    nicolae_elf_blades_crystal_corner, layout_geoelf_octagon,
          serial_shops, nicolae_shop_gaudy_bauble, minivault_16
Elf:3:    elf_hall_gauntlet_wide, layout_geoelf_octagon, serial_shops, shop,
          uniq_bai_suzhen
Vaults:1: v_misc_9, hangedman_vaults_stretched_pinwheel, v_misc_30,
          nicolae_vaults_double_plus_2, nicolae_vaults_cochlea, v_misc_3,
          nicolae_vaults_trapezoid_4, v_alt_pattern_5, vaults_room_corners,
          nicolae_vaults_rhombus_6, nicolae_vaults_storage_room_water,
          nicolae_vaults_house_1, layout_vaults_big_room, serial_shops, shop,
          shop
Vaults:2: lightli_orcish_oven, nicolae_vaults_more_shelving_1,
          nicolae_vaults_meiosis, v_misc_18, minmay_crypt_entry_necro_gods,
          nicolae_vaults_tetromino_L_2, v_misc_29,
          nicolae_vaults_surprise_closet, vaults_room_hallway,
          nicolae_vaults_oozy_zoo, vaults_room_pools,
          nicolae_vaults_apartment_1, vaults_dpeg_encased_lava,
          layout_vaults_maze_snakey
Vaults:3: vaults_room_semicircle, nicolae_vaults_closet_pinwheel_5,
          hangedman_vaults_corner_blocks, v_alt_pattern_4,
          nicolae_vaults_network_square, v_misc_1,
          nicolae_vaults_door_testing_chamber, nicolae_vaults_house_3,
          nicolae_vaults_stepped_doors, hangedman_vaults_stitches,
          vaults_room_pool, nicolae_vaults_little_guard_posts,
          nicolae_vaults_shelves_hall, hangedman_vaults_stretched_pinwheel,
          layout_vaults_ring, serial_shops, bzr_entry_safe
Vaults:4: advil_vaults_ghost_guards, nicolae_vaults_ellipses_ellipsis,
          nicolae_vaults_storage_closets_2,
          vaults_standard_mumra_enter_the_diamond, ontoclasm_vaults_ring_small,
          nicolae_vaults_double_plus_1, nicolae_vaults_tetromino_Z_1,
          nicolae_vaults_alarming, nicolae_vaults_spaceships, v_misc_5,
          layout_vaults_omnigrid
Vaults:5: uniq_jory, uniq_sojobo
Crypt:1:  layout_misc_corridors, st_stairs_14, grunt_crypt_arrival_split,
          uniq_grunn
Crypt:2:  layout_chaotic_city, minmay_misc_feat_hallway, grunt_megastairs_5
Crypt:3:  evilmike_haunted_forest, uniq_zenata
Depths:1: layout_cave_shapes, serial_rivers, chequers_serial_rivers_marsh,
          chequers_serial_rivers_micro_c, chequers_serial_rivers_marsh,
          chequers_serial_rivers_small_a, chequers_serial_rivers_micro_b,
          grunt_hell_entry_dis_grunt, dk_noncrumbling_2, abyss_entry,
          kennysheep_okawaru_gauntlet
Depths:2: minmay_the_grid_triangle_9x9_recursive_2
          [minmay_the_grid_triangle_9x9_prize_top_heavy,
          minmay_the_grid_triangle_9x9_pentomino_pain,
          minmay_the_grid_triangle_9x9_swiss_cheese,
          minmay_the_grid_triangle_9x9_corrupted_corridor], layout_gridlike,
          serial_aquarium, aquarium_bridge_square [aquarium_subvault_wall,
          aquarium_subvault_bridge, aquarium_subvault_window,
          aquarium_subvault_window], aquarium_bridge_island_small
          [aquarium_subvault_small_water, aquarium_subvault_wall,
          aquarium_subvault_balcony, aquarium_subvault_wall,
          aquarium_subvault_bridge], aquarium_window_1, aquarium_window_fake,
          aquarium_window_fake, aquarium_view_2d, hell_entry, pan_entry,
          hangedman_decor_clover_reticule, minmay_staircase_windowed_small
Depths:3: grunt_arcs, layout_cave_shapes, enter_ziggurat_e, abyss_entry,
          hell_entry, serial_shops, shop, uniq_margery
Depths:4: grunt_twist_and_shout, layout_gridlike, abyss_entry,
          ebering_ghost_xom, hell_entry, hangedman_decor_slide_cut
Hell
Dis:1:    layout_regular_city
Dis:2:    layout_regular_city
Dis:3:    layout_gridville
Dis:4:    layout_overlapping_boxes
Dis:5:    layout_gridville
Geh:1:    layout_gehenna_pools_triple, evilmike_ambush
          [evilmike_ambush_outer_basic, evilmike_ambush_inner_pond]
Geh:2:    nicolae_hells_giants_party, layout_gehenna_pools_triple
Geh:3:    layout_gehenna_lava_caves
Geh:4:    nicolae_geh_i_lava_good_maze [nicolae_geh_lavamaze_orthhalf_recurse,
          nicolae_geh_lavamaze_orthhalf_recurse]
Geh:5:    layout_gehenna_pools_triple
Geh:6:    layout_gehenna_pools_basic, nicolae_geh_lava_shack
Geh:7:    geh_mu
Coc:1:    layout_cocytus_delve
Coc:2:    layout_cocytus_water_paths
Coc:3:    layout_cocytus_water_paths
Coc:4:    layout_cocytus_water_paths
Coc:5:    layout_cocytus_water_paths
Coc:6:    layout_cocytus_water_paths
Coc:7:    coc_grunt_cove [coc_grunt_cove_antaeus, coc_grunt_cove_fiend,
          coc_grunt_cove_fiend, coc_grunt_cove_fiend, coc_grunt_cove_fiend]
Zot:1:    gammafunk_its_a_trap, layout_concentric_octagons
Zot:2:    layout_misc_corridors, regret_index_zotdec_wing_it,
          regret_index_zotdec_twisting_globes
Zot:3:    layout_misc_corridors, hangedman_zot_diagonal_lockstep
Zot:4:    layout_gridville, hangedman_zot_decor_scrapings

Skill      XL: |  1  2  3  4  5  6  7  8  9 10 11 12 13 14 15 16 17 18 19 20 21 22 23 24 25 26 27 |
---------------+----------------------------------------------------------------------------------+-----
Long Blades    | 3 |  3.3
Fighting       | 3 4 5 6 7 8 9 10 11 12 13 14 15 16 17 18 19 20 21 | 21.7
Dodging        | 3 4 5 6 8 9 10 11 12 13 14 15 16 18 | 18.3
Unarmed Combat | 1 3 4 6 8 9 10 11 12 13 14 15 16 17 18 19 20 21 22 | 22.3
Invocations    | 3 6 13 14 15 16 17 18 19 20 21 22 23 24 25 26 | 26.9
Evocations     | 2 4 5 6 8 9 11 12 14 15 16 | 16.5
Armour         | 2 3 5 8 10 11 12 13 14 15 17 | 17.7
Shields        | 3 4 6 8 10 12 13 17 | 17.8
Shapeshifting  | 4 7 9 10 12 13 14 15 16 | 16.0
Translocations | 2 7 9 11 16 | 16.1
Air Magic      | 3 6 |  6.8
Spellcasting   | 3 5 |  5.0
Throwing       | |  1.7

Action                     |  1- 3 |  4- 6 |  7- 9 | 10-12 | 13-15 | 16-18 | 19-21 | 22-24 | 25-27 || total
---------------------------+-------+-------+-------+-------+-------+-------+-------+-------+-------++-------
  Melee: Long sword        |    67 |    57 |       |       |       |       |       |       |       ||   124
         Unarmed           |    11 |    10 |   247 |   278 |   646 |   720 |   985 |  1195 |  2032 ||  6124
         Punch             |       |       |    13 |    24 |    86 |       |       |       |       ||   123
   Fire: Sling             |    39 |    64 |    65 |    39 |     2 |       |       |       |       ||   209
  Throw: Javelin           |       |       |     1 |       |       |     2 |       |       |       ||     3
         Throwing net      |       |       |       |     5 |       |       |       |       |       ||     5
   Cast: Blink             |       |       |       |       |       |       |       |       |     2 ||     2
 Invoke: Convert to Beogh  |       |     1 |       |       |       |       |       |       |       ||     1
         Smiting           |       |       |     2 |    14 |    50 |    46 |    34 |    36 |   137 ||   319
         Recruit Apostle   |       |       |       |     3 |     3 |     3 |     3 |     3 |     4 ||    19
         Recall Apostles   |       |       |       |     4 |    18 |    39 |    26 |    16 |    34 ||   137
         Dismiss Apostle   |       |       |       |       |     3 |     3 |     3 |     3 |     4 ||    16
         Blood for Blood   |       |       |       |       |     1 |     2 |     1 |     1 |     5 ||    10
Ability: Evoke Invisibilit |       |       |       |       |       |       |       |       |     3 ||     3
         Begin Untransform |       |       |       |       |       |       |       |       |     1 ||     1
  Evoke: Wand              |       |       |     3 |     2 |    11 |     9 |     9 |     4 |    38 ||    76
         Box of beasts     |       |       |       |       |       |     2 |     2 |       |     3 ||     7
         Lightning rod     |       |       |       |       |       |       |     7 |     4 |    11 ||    22
         Phial of floods   |       |       |       |       |       |       |     1 |       |       ||     1
         Phantom mirror    |       |       |       |       |       |       |       |       |     2 ||     2
         Horn of Geryon    |       |       |       |       |       |       |       |       |     2 ||     2
    Use: Scroll            |     2 |     2 |    19 |     6 |    12 |     5 |     3 |    15 |    12 ||    76
         Potion            |     1 |     2 |     4 |     1 |     1 |     3 |     4 |       |    17 ||    33
   Stab: Sleeping          |     3 |       |       |       |       |       |       |       |       ||     3
         Held in net/web   |       |       |       |     5 |       |       |       |       |       ||     5
         Distracted        |       |       |       |     4 |    15 |    24 |    24 |    65 |    78 ||   210
         Petrified         |       |       |       |     4 |       |       |    23 |     4 |       ||    31
         Petrifying        |       |       |       |       |       |       |    11 |    17 |       ||    28
         Invisible         |       |       |       |       |       |       |       |       |    43 ||    43
 Armour: Leather armour    |    40 |    38 |       |       |       |       |       |       |       ||    78
         Skin              |     9 |     6 |       |       |       |       |       |       |       ||    15
         Ring mail         |       |       |   140 |    79 |       |       |       |       |       ||   219
         Steam dragon scal |       |       |       |    66 |       |       |       |       |       ||    66
         Chain mail        |       |       |       |    54 |   513 |   475 |   418 |   232 |       ||  1692
         Plate armour      |       |       |       |       |    88 |       |       |   173 |       ||   261
         Gold dragon scale |       |       |       |       |       |       |       |   157 |  1091 ||  1248
  Dodge: Dodged            |    42 |    32 |   118 |   130 |   285 |   697 |   717 |   727 |   705 ||  3453
  Block: Other             |     1 |    12 |    46 |    12 |       |       |       |       |       ||    71
         Reflection        |       |       |     1 |     1 |       |       |       |       |       ||     2
         Buckler           |       |       |       |       |    30 |   410 |   380 |   424 |   240 ||  1484
         Kite shield       |       |       |       |       |       |       |       |       |  1670 ||  1670
   Form: Statue            |       |       |       |       |       |       |       |       |     1 ||     1

Table legend: (Time is in decaauts)
 A = Elapsed time spent in this place.
 B = Non-inter-level travel time spent in this place.
 C = Inter-level travel time spent in this place.
 D = Time resting spent in this place.
 E = Time spent auto-exploring this place.
 F = Levels seen in this place.
 G = Mean time per level.
                   A        B        C        D        E       F      G
               +--------+--------+--------+--------+--------+-----+--------+
         Total |  61007 |  55920 |   5087 |   2821 |  34560 |  78 |  782.1 |
       Dungeon |  16255 |  14378 |   1877 |    732 |   9639 |  15 | 1083.7 |
          Lair |   5052 |   4637 |    415 |    152 |   3508 |   5 | 1010.4 |
        Shoals |   4434 |   4224 |    210 |    342 |   2295 |   4 | 1108.5 |
   Spider Nest |   4110 |   3856 |    254 |    127 |   2525 |   4 | 1027.5 |
    Slime Pits |    942 |    898 |     44 |     27 |    265 |   5 |  188.4 |
  Orcish Mines |   1557 |   1357 |    200 |     54 |    928 |   2 |  778.5 |
   Elven Halls |   3601 |   3343 |    258 |    166 |   2174 |   3 | 1200.3 |
        Vaults |   6880 |   6235 |    645 |     12 |   4262 |   5 | 1376.0 |
         Crypt |   3714 |   3408 |    306 |      0 |   2484 |   3 | 1238.0 |
        Depths |   4384 |   4027 |    357 |    158 |   2892 |   4 | 1096.0 |
          Hell |    684 |    684 |      0 |      0 |    295 |   1 |  684.0 |
           Dis |    557 |    557 |      0 |    113 |      0 |   5 |  111.4 |
       Gehenna |   2317 |   2145 |    172 |    569 |     47 |   7 |  331.0 |
       Cocytus |   1345 |   1345 |      0 |    261 |      0 |   7 |  192.1 |
           Zot |   3826 |   3483 |    343 |      6 |   2607 |   4 |  956.5 |
        Bazaar |    103 |    103 |      0 |      0 |     51 |   1 |  103.0 |
       Ossuary |    344 |    344 |      0 |     75 |    148 |   1 |  344.0 |
        Bailey |    286 |    286 |      0 |      0 |     96 |   1 |  286.0 |
      Ice Cave |    608 |    608 |      0 |     25 |    341 |   1 |  608.0 |
               +--------+--------+--------+--------+--------+-----+--------+

Top non-repeatable levels by time:
 Crypt:3: 1878 daAuts
     D:8: 1842 daAuts
Vaults:3: 1654 daAuts
Shoals:4: 1614 daAuts
Vaults:4: 1561 daAuts
  Lair:5: 1518 daAuts
   Geh:7: 1379 daAuts
    D:10: 1347 daAuts
Vaults:5: 1346 daAuts
   Elf:3: 1342 daAuts
   Zot:1: 1328 daAuts
Spider:2: 1322 daAuts
     D:6: 1286 daAuts
     D:7: 1223 daAuts
Vaults:1: 1222 daAuts
